 Dungeon Crawl Stone Soup version 0.21-a0-444-g29a2fec (webtiles) character file.

22 slep the Skirmisher (level 2, -1/24 HPs)
             Began as a Demonspawn Monk on Nov 18, 2017.
             Slain by a kobold (2 damage)
             ... on level 1 of the Dungeon.
             The game lasted 00:01:47 (226 turns).

slep the Skirmisher (Demonspawn Monk)                Turns: 226, Time: 00:01:48

Health: -1/24      AC:  2    Str: 11    XL:     2   Next: 68%
Magic:  2/2        EV: 13    Int: 11    God:
Gold:   48         SH:  0    Dex: 15    Spells: 1/1 levels left

rFire    . . .     SeeInvis .   a - +0 falchion
rCold    . . .     Gourm    .   (no shield)
rNeg     . . .     Faith    .   b - +0 robe
rPois    .         Spirit   .   (no helmet)
rElec    .         Reflect  .   (no cloak)
rCorr    .         Harm     .   (no gloves)
MR       .....                  (no boots)
Stlth    ++........             (no amulet)
HPRegen  0.08/turn              (no ring)
MPRegen  0.08/turn              (no ring)

@: no status effects
A: claws 1
a: no special abilities


You were on level 1 of the Dungeon.
You were not hungry.

You visited 1 branch of the dungeon, and saw 1 of its levels.

You collected 48 gold pieces.

Inventory:

Hand Weapons
 a - a +0 falchion (weapon)
Missiles
 e - 2 stones (quivered)
Armour
 b - a +0 robe (worn)
Potions
 d - a potion of resistance {unknown}
Comestibles
 c - a bread ration


   Skills:
 + Level 3.4 Fighting
 + Level 3.0 Long Blades
 + Level 3.0 Dodging
 + Level 1.7 Stealth


You had one spell level left.
You didn't know any spells.

Dungeon Overview and Level Annotations

Branches:
Dungeon (1/15)

Altars:


Innate Abilities, Weirdness & Mutations

You have sharp fingernails.


Message History

You closely miss the bat. The bat misses you.
You hit the bat.
The bat is moderately wounded.
The bat hits you but does no damage. The bat closely misses you.
You riposte.
You hit the bat.
You kill the bat!
You barely miss the goblin. The goblin closely misses you.
You closely miss the goblin. The goblin barely misses you.
You miss the goblin. The goblin hits you with a club.
* * * LOW HITPOINT WARNING * * *
You hit the goblin.
You kill the goblin!
The kobold throws a stone.
The stone hits you but does no damage. The kobold barely misses you.
You riposte.
You barely miss the kobold.
A frilled lizard comes into view.
Items here: ))) † a club; an enchanted short sword; a club; a bat corpse The frilled lizard hisses angrily.
You hit the kobold but do no damage. The kobold hits you.
You die...

......(##.#.#.#.#.#....# #.#.....
....##.#.#.#.#.#.#.#†#####.##....
... ...#.#.#.#.#.#.......>......
#.# ###.#.#.#.#.#.#..........##.
##.#.#.#.#.#..........###.
.#.#.#.#.#.........'... .
.#.#.#(#..........###.
#.#.#.#(#.#.........# ##
....###@###.........# #...K#
#.........# +....# #.........#
#..##.)# #.........# #8. #..#
########### .. ...# l ....#
.8#... ..###..


You could see a kobold and a frilled lizard.

Vanquished Creatures
  3 bats (D:1)
  A giant cockroach (D:1)
  3 goblins (D:1)
  2 hobgoblins (D:1)
  3 jackals (D:1)
  A kobold (D:1)
  8 rats (D:1)
21 creatures vanquished.

Notes
Turn   | Place    | Note
-------+----------+-------------------------------------------
     0 | D:1      | slep the Demonspawn Monk began the quest for the Orb.
     0 | D:1      | Reached XP level 1. HP: 18/18 MP: 1/1
   135 | D:1      | Gained mutation: You have sharp fingernails. [demonic ancestry]
   135 | D:1      | Reached XP level 2. HP: 4/24 MP: 2/2
   223 | D:1      | HP: 1/24 [goblin/club (2)]
   226 | D:1      | Slain by a kobold

Vault maps used:
D:1:      lemuel_arrival_funnel, minivault_23, st_stairs_6, feat_on_display

Skill      XL: |  1  2 |
---------------+-------+-----
Long Blades    | 3 |  3.0
Dodging        | 3 |  3.0
Fighting       | |  3.4
Stealth        | |  1.7

Action                   || total
-------------------------++-------
Melee: Falchion          ||    67
 Stab: Distracted        ||     1
Armor: Robe              ||    13
Dodge: Dodged            ||    60
       Rpst.: Falchion   ||    17

Table legend:
 A = Spawn XP
 B = Non-spawn XP
 C = Spawn XP percentage of total XP
 D = Spawn monster count
 E = Non-spawn monster count
 F = Spawn count percentage of total count
 G = Total turns spent on level
                    A         B        C        D         E        F      G
               +---------+---------+-------+---------+---------+-------+---------
         Total |       0 |      32 |   0.0 |       0 |      21 |   0.0 |   226
               +---------+---------+-------+---------+---------+-------+---------
           D:1 |       0 |      32 |   0.0 |       0 |      21 |   0.0 |   226
               +---------+---------+-------+---------+---------+-------+---------
